 Dungeon Crawl Stone Soup version 0.25-a0-1130-g3926558f3a (webtiles) character file.

Game seed: 13176747175654602866, levelgen mode: deterministic

274 kae the Distorting Ant (level 6, -3/49 HPs)
             Began as a Formicid Abyssal Knight on May 19, 2020.
             Was a Believer of Lugonu.
             Slain by an orc wizard
             ... wielding a +2 dagger of electrocution
              (17 damage)
             ... on level 4 of the Dungeon.
             The game lasted 00:03:12 (3701 turns).

kae the Distorting Ant (Formicid Abyssal Knight)    Turns: 3701, Time: 00:03:12

Health: -3/49      AC: 10    Str: 18    XL:     6   Next: 49%
Magic:  9/9        EV:  7    Int: 12    God:    Lugonu [**....]
Gold:   175        SH:  0    Dex: 10    Spells: 5/5 levels left

rFire    . . .     SeeInvis +   a - +2 falchion
rCold    . . .     Gourm    .   (no shield)
rNeg     . . .     Faith    .   e - +1 chain mail
rPois    .         Spirit   .   (helmet unavailable)
rElec    .         Reflect  .   g - +0 cloak {MR+}
rCorr    .         Harm     .   (no gloves)
MR       +....                  (no boots)
Stlth    ..........             (no amulet)
HPRegen  0.16/turn              (no ring)
MPRegen  0.11/turn              (no ring)

@: no status effects
A: permanent stasis, dig shafts and tunnels, four strong arms, antennae 3
a: Dig, Shaft Self, Depart the Abyss, Bend Space, Renounce Religion


You were on level 4 of the Dungeon.
You worshipped Lugonu.
Lugonu was pleased with you.
You were very hungry.

You visited 1 branch of the dungeon, and saw 4 of its levels.
You visited the Abyss 1 time.

You collected 175 gold pieces.

Inventory:

Hand Weapons
 a - a +2 falchion (weapon)
Armour
 b - a +0 leather armour
 e - a +1 chain mail (worn)
 g - a +0 cloak of magic resistance (worn)
Wands
 m - a wand of random effects (5)
Scrolls
 f - 3 scrolls of teleportation
 h - a scroll of remove curse
Potions
 d - a potion of curing
 i - 2 potions of heal wounds
 k - a potion of flight
 o - a potion of haste
 q - 2 potions of degeneration {unknown}
 r - a potion of stabbing
Comestibles
 c - 8 rations


   Skills:
 + Level 4.3 Fighting
 * Level 4.3 Long Blades
 - Level 2.1 Armour
 - Level 0.8 Dodging
 * Level 5.0 Invocations


You had 5 spell levels left.
You didn't know any spells.
Your spell library was empty.

Dungeon Overview and Level Annotations

Branches:
Dungeon (4/15)
 Temple: D:4-7

Altars:
Makhleb
Xom


Innate Abilities, Weirdness & Mutations

You cannot be hasted, slowed, berserked, paralysed or teleported.
You can dig through walls and to a lower floor.
Your four strong arms can wield two-handed weapons with a shield.
You have a pair of large antennae on your head. (SInv)


Message History

The orc wizard is heavily wounded.
The orc wizard hits you but does no damage.
You hit the orc wizard.
The orc wizard is heavily wounded.
The orc wizard barely misses you.
You riposte.
Your chain mail prevents you from hitting the orc wizard.
The orc wizard is heavily wounded.
Your chain mail prevents you from hitting the orc wizard.
The orc wizard is heavily wounded.
The orc wizard hits you but does no damage.
You are electrocuted!
* * * LOW HITPOINT WARNING * * *
Your chain mail prevents you from hitting the orc wizard.
The orc wizard is heavily wounded.
The orc wizard barely misses you.
You barely miss the orc wizard.
The orc wizard is heavily wounded.
The orc wizard hits you but does no damage.
You are electrocuted!
You die...

################
#.....#.........
#....<#.........
#.....#........
##@####.....#
##.##o####.....## ####
#...ooo.....o...#)....
#....o..........'o....
#############...#<....
#..## .... #### .!. {
.. {


o You could see 2 orc wizards and 3 orcs.

Vanquished Creatures
  2 hounds (D:4)
  An orc wizard (D:4)
  Jessica (D:3)
  Robin (D:2)
  A gnoll (D:2)
  4 adders (D:2)
  An ooze (D:2)
  3 worms
  4 dart slugs
  2 leopard geckos (D:2)
  3 bats
  4 giant cockroaches
  12 hobgoblins
  9 jackals
  A quokka (D:3)
  4 frilled lizards
  18 goblins
  4 kobolds
  3 rats (D:1)
78 creatures vanquished.

Notes
Turn   | Place    | Note
-------+----------+-------------------------------------------
     0 | Abyss:1  | kae the Formicid Abyssal Knight began the quest for the
                  | Orb.
     0 | Abyss:1  | Reached XP level 1. HP: 18/18 MP: 2/2
     5 | Abyss:1  | Found a corrupted altar of Lugonu.
   129 | Abyss:1  | Noticed a large abomination
   164 | Abyss:1  | Noticed a large abomination
   167 | D:1      | Escaped the Abyss
   182 | D:1      | Noticed a dwarf
   184 | D:1      | Noticed an elf
   184 | D:1      | Noticed an octopode
   186 | D:1      | Noticed a troll
   188 | D:1      | Noticed a centaur
   188 | D:1      | Noticed a formicid
   190 | D:1      | Noticed a draconian
   190 | D:1      | Noticed a vine stalker
   192 | D:1      | Noticed a vampire
   192 | D:1      | Noticed a minotaur
   194 | D:1      | Noticed a halfling
   196 | D:1      | Noticed a felid
   196 | D:1      | Noticed a human
   198 | D:1      | Noticed a spriggan
   198 | D:1      | Noticed a ghoul
   200 | D:1      | Noticed a gargoyle
   200 | D:1      | Noticed an ogre
   202 | D:1      | Noticed a demigod
   204 | D:1      | Noticed a naga
   204 | D:1      | Noticed a merfolk
   206 | D:1      | Noticed a demonspawn
   206 | D:1      | Noticed a tengu
   304 | D:1      | Reached XP level 2. HP: 19/24 MP: 3/3
   372 | D:1      | Reached * piety under Lugonu
  1004 | D:1      | Reached XP level 3. HP: 29/29 MP: 5/5
  1138 | D:1      | Reached skill level 3 in Invocations
  1581 | D:2      | Reached XP level 4. HP: 20/37 MP: 6/6
  2163 | D:2      | Reached XP level 5. HP: 38/42 MP: 7/7
  2254 | D:2      | Noticed Robin
  2266 | D:2      | Reached skill level 4 in Invocations
  2289 | D:2      | Killed Robin
  2295 | D:2      | Reached ** piety under Lugonu
  2745 | D:3      | Found a burning altar of Makhleb.
  2844 | D:3      | Noticed Jessica
  2850 | D:3      | Killed Jessica
  2986 | D:3      | Found a shimmering altar of Xom.
  3600 | D:4      | Noticed an ogre
  3673 | D:4      | Reached XP level 6. HP: 48/48 MP: 9/9
  3695 | D:4      | Reached skill level 5 in Invocations
  3701 | D:4      | Slain by an orc wizard

Illustrated notes

Levels and vault maps discovered:
D:1:      kb_arrival_jail, layout_basic, minmay_pentomino_o4
D:2:      minmay_angry_zag, layout_loops_ring, cheibrodos_gnoll_hut, uniq_robin
D:3:      layout_basic, xom_butterflies, first_ration, lemuel_altar_in_water,
          uniq_jessica
D:4:      layout_gridville, uniq_crazy_yiuf_cottage

Skill      XL: |  1  2  3  4  5  6 |
---------------+-------------------+-----
Invocations    | 3 4 5 |  5.0
Long Blades    | 3 4 |  4.3
Fighting       | 4 |  4.3
Armour         | |  2.1
Dodging        | |  0.8

Action                   |  1- 3 |  4- 6 || total
-------------------------+-------+-------++-------
Melee: Falchion          |   106 |   175 ||   281
Invok: Depart the Abyss  |     1 |       ||     1
  Use: Scroll            |     5 |     8 ||    13
  Eat: Chunk             |     2 |     6 ||     8
Armor: Chain mail        |    61 |   116 ||   177
Dodge: Dodged            |    26 |    66 ||    92
       Rpst.: Falchion   |     7 |    27 ||    34

Table legend:
 A = Non-vault XP
 B = Vault XP
 C = Vault XP percentage of total XP
 D = Non-vault monster count
 E = Vault monster count
 F = Vault count percentage of total count
                 A         B        C        D         E       F
            +---------+---------+-------+---------+---------+-------
      Total |     286 |     106 |  27.0 |      56 |      22 |  28.2
            +---------+---------+-------+---------+---------+-------
        D:1 |      31 |       4 |  11.4 |      17 |       3 |  15.0
        D:2 |      92 |      65 |  41.4 |      20 |      18 |  47.4
        D:3 |      39 |      37 |  48.7 |      16 |       1 |   5.9
        D:4 |     124 |       0 |   0.0 |       3 |       0 |   0.0
            +---------+---------+-------+---------+---------+-------
